 Dungeon Crawl Stone Soup version 0.18-a0-1057-g88203af (webtiles) character file.

5929 Kristof the Thaumaturge (level 10, -6/58 HPs)
             Began as a Gargoyle Earth Elementalist on Jan 12, 2016.
             Was a Believer of Vehumet.
             Mangled by a blink frog (8 damage)
             ... on level 1 of the Lair of Beasts.
             The game lasted 00:57:52 (12791 turns).

Kristof the Thaumaturge (GrEE)                     Turns: 12791, Time: 00:57:52

Health: -6/58      AC: 14    Str: 12    XL:     10   Next: 83%
Magic:  31/31      EV: 13    Int: 19    God:    Vehumet [**....]
Gold:   580        SH:  3    Dex: 10    Spells: 5 memorised, 12 levels left

rFire  . . .     SeeInvis .     F - +6 spear (pierce)
rCold  . . .     Gourm    .     a - +0 robe
rNeg   + . .     Faith    .     (no shield)
rPois  ∞         Spirit   .     (no helmet)
rElec  +         Dismiss  .     K - +0 cloak
rCorr  +         Reflect  +     f - +0 pair of gloves
SustAt .         Harm     .     C - +2 pair of boots
MR     .....                    b - +3 amulet of reflection
Stlth  +++.......               z - ring of Offol {rCorr Slay+3 Stlth+}
                                i - ring of magical power

@: very slightly contaminated, not resistant to hostile enchantments, fairly
stealthy
A: negative energy resistance 1, electricity resistance, unbreathing,
petrification resistance, rot immunity, AC +7
a: Renounce Religion


You were on level 1 of the Lair of Beasts.
You worshipped Vehumet.
Vehumet was pleased with you.
You were not hungry.

You visited 3 branches of the dungeon, and saw 11 of its levels.
You also visited: Ossuary.

You collected 580 gold pieces.

Inventory:

Hand Weapons
 r - a +4 short sword of venom
 v - a +2 mace of protection
 F - a +6 spear of piercing (weapon)
 P - the +5 rapier "Nalaschou" {drain, rPois}
   (You found it on level 1 of the Lair of Beasts)

   A truly terrible weapon, it drains the life of those it strikes.
   It protects you from poison.
Missiles
 t - 108 stones (quivered)
Armour
 a - a +0 robe (worn)
 f - a +0 pair of gloves (worn)
 C - a +2 pair of boots (worn)
 D - a +0 shield
 K - a +0 cloak (worn)
Rods
 O - a -2 rod of ignition (13/13)
   (You found it on level 8 of the Dungeon)
Jewellery
 b - a +3 amulet of reflection (around neck)
 i - a ring of magical power (left hand)
 s - an uncursed ring of protection from cold
 x - an uncursed amulet of magic regeneration {unknown}
 y - an uncursed ring of flight
 z - the ring of Offol (right hand) {rCorr Slay+3 Stlth+}
   (You found it on level 5 of the Dungeon)

   [ring of resist corrosion]

   It affects your accuracy and damage with ranged weapons and melee attacks
   (+3).
   It makes you more stealthy.
 L - an uncursed amulet of dismissal {unknown}
Wands
 l - a wand of lightning (5/15)
 m - a wand of digging (9/24)
 u - a wand of magic darts (17/48)
 H - a wand of random effects (26/48)
 J - a wand of polymorph (18/24)
Scrolls
 k - a scroll of immolation
 q - 2 scrolls of teleportation
 N - a scroll of fog
Potions
 e - 4 potions of agility
 n - a potion of resistance
 o - 5 potions of curing
 p - 2 potions of flight
 w - a potion of invisibility {unknown}
 E - a potion of berserk rage {unknown}
 G - a potion of might
 Q - a potion of heal wounds {unknown}
Books
 c - a book of Geomancy

   Spells                             Type                      Level
   a - Sandblast                      Earth                        1
   b - Stoneskin                      Transmutation/Earth          2
   c - Passwall                       Transmutation/Earth          3
   d - Stone Arrow                    Conjuration/Earth            3
   e - Petrify                        Transmutation/Earth          4
   f - Lee's Rapid Deconstruction     Earth                        5
 B - a book of Changes

   Spells                             Type                      Level
   a - Beastly Appendage              Transmutation                1
   b - Sticks to Snakes               Transmutation                2
   c - Spider Form                    Transmutation/Poison         3
   d - Ice Form                       Ice/Transmutation            4
   e - Blade Hands                    Transmutation                5
 I - a book of Conjurations

   Spells                             Type                      Level
   a - Magic Dart                     Conjuration                  1
   b - Searing Ray                    Conjuration                  2
   c - Dazzling Spray                 Conjuration/Hexes            3
   d - Fulminant Prism                Conjuration/Hexes            4
   e - Iskenderun's Mystic Blast      Conjuration                  4
   f - Iskenderun's Battlesphere      Conjuration/Charms           5
Comestibles
 d - 10 bread rations
 h - 6 chunks of flesh
 j - 6 beef jerkies
 A - 3 meat rations
 M - 6 slices of pizza


   Skills:
 + Level 4.5 Fighting
 + Level 4.1 Maces & Flails
 + Level 3.6 Armour
 + Level 3.6 Dodging
 - Level 2.1 Stealth
 + Level 4.0 Shields
 * Level 8.5 Spellcasting
 + Level 6.1 Conjurations
 - Level 0.7 Transmutations
 + Level 1.3 Fire Magic
 + Level 8.1 Earth Magic
 + Level 3.5 Evocations


You had 12 spell levels left.
You knew the following spells:

 Your Spells              Type           Power        Failure   Level  Hunger
a - Sandblast             Erth           #####.       1%          1    None
b - Stoneskin             Trmt/Erth      ####....     1%          2    None
c - Stone Arrow           Conj/Erth      #####.       1%          3    None
d - Lee's Rapid Deconstr  Erth           #####.....   12%         5    #####..
e - Conjure Flame         Conj/Fire      ###.....     8%          3    None


Dungeon Overview and Level Annotations

Branches:
Dungeon (9/15)             Temple (1/1) D:6            Lair (1/8) D:9
    Orc: D:9-12

Altars:
Ashenzari
Cheibriados
Dithmenos
Elyvilon
Fedhas
Gozag
Kikubaaqudgha
Makhleb
Nemelex Xobeh
Okawaru
Pakellas
Qazlal
Ru
Sif Muna
Trog
Vehumet
Xom
Yredelemnul
Zin
The Shining One

Shops:
D:7 :


Innate Abilities, Weirdness & Mutations

You are resistant to torment.
Your stone body is resilient (AC +7).
You are immune to poison.
You resist negative energy.
You are resistant to electric shocks.
You can survive without breathing.
You are immune to petrification.
You are immune to rotting.


Message History

You block the blink frog's attack.
The blink frog blinks!
The blink frog hits you!
* * * LOW HITPOINT WARNING * * *
The blink frog blinks! x2
The blink frog closely misses you. What do you say? t - Shout!
Orders for allies: a - Attack new target. r - Retreat! s - Stop attacking. w - Wait here. f - Follow me.
Anything else - Stay silent.
Okay, then.
Read which item? (? for menu, Esc to quit)
Blink to where?
Press: ? - help, Dir - move target cursor
As you read the scroll of blinking, it crumbles to dust.
The blink frog blinks!
The blink frog blinks!
The blink frog completely misses you. The blink frog hits you!
You die...

P.P##.....###
..........#.###..##
..................#
...##.............. .###
...##............. .....
.......<...##..... .....
...#.#....#.#....###.#.##
...........#............#
................@.......#
................F.......#
.>##.....................
. #............F........
#....................#
#..######..#......P.##..#
###..............
...........#.....
................#


You could see 2 blink frogs.

Vanquished Creatures
  A black mamba (Lair:1)
  A two-headed ogre (D:8)
  2 hippogriffs
  A hog (D:7)
  A human (D:7)
  5 wolves
  2 orc warriors
  2 sky beasts (D:8)
  2 wasps
  6 ice beasts
  2 phantoms
  6 ogres
  4 centaurs
  5 giant frogs
  2 wyvern zombies
  4 scorpions
  2 electric eels (D:8)
  3 crimson imps
  A wasp zombie (D:7)
  A giant frog zombie (D:6)
  A quasit (D:8)
  5 orc priests
  2 centaur zombies (Ossuary)
  A human zombie (Ossuary)
  A giant frog skeleton (D:4)
  A hound (D:9)
  A centaur skeleton (D:5)
  2 jellies
  7 orc wizards
  3 iguanas
  6 worker ants
  3 sheep (D:7)
  2 mummies (Ossuary)
  A worker ant zombie (D:6)
  9 gnolls
  7 adders
  A shadow imp (D:8)
  4 white imps (Lair:1)
  An ooze (D:1)
  3 adder zombies
  3 adder skeletons
  3 worms
  2 giant geckos
  24 orcs
  A ball python (D:3)
  6 bats
  6 giant cockroaches
  2 gnoll zombies (D:5)
  6 goblins
  8 hobgoblins
  19 jackals
  6 quokkas
  A giant cockroach zombie (D:5)
  7 giant newts
  5 hobgoblin zombies (Ossuary)
  A jackal skeleton (D:4)
  3 jackal zombies
  7 kobolds
  12 kobold zombies (Ossuary)
  11 orc zombies (Ossuary)
  A quokka skeleton (D:4)
  8 rats
  3 rat zombies (Ossuary)
259 creatures vanquished.

Notes
Turn   | Place    | Note
--------------------------------------------------------------
     0 | D:1      | Kristof the Gargoyle Earth Elementalist began the quest for the Orb.
     0 | D:1      | Reached XP level 1. HP: 10/10 MP: 3/3
   100 | D:1      | Reached XP level 2. HP: 15/15 MP: 1/5
   147 | D:1      | Learned a level 2 spell: Stoneskin
   769 | D:1      | Reached skill level 4 in Earth Magic
   769 | D:1      | Reached XP level 3. HP: 19/19 MP: 7/7
   809 | D:1      | Learned a level 3 spell: Stone Arrow
  1909 | D:3      | Reached skill level 1 in Conjurations
  1975 | D:2      | Reached XP level 4. HP: 13/24 MP: 8/8
  2164 | D:3      | Found a sparkling altar of Nemelex Xobeh.
  2782 | D:3      | Found a sacrificial altar of Ru.
  2785 | D:3      | Reached XP level 5. HP: 28/28 MP: 10/10
  3040 | D:3      | Found a shattered altar of Ashenzari.
  3044 | D:3      | Saw a vision of the Shoals and the Spider Nest.
  3044 | D:3      | Noticed a wolf spider
  3044 | D:3      | Noticed a merfolk
  3044 | D:3      | Noticed a merfolk
  3044 | D:3      | Noticed a sea snake
  3047 | D:3      | Noticed a merfolk
  3210 | D:3      | Noticed an ogre
  3217 | D:3      | Killed an ogre
  3217 | D:3      | Reached skill level 5 in Earth Magic
  3217 | D:3      | Reached XP level 6. HP: 32/32 MP: 11/12
  4308 | D:4      | Found a glowing silver altar of Zin.
  4887 | D:4      | Found a snail-covered altar of Cheibriados.
  4887 | D:4      | Found a glowing golden altar of the Shining One.
  4892 | D:4      | Reached skill level 5 in Spellcasting
  4892 | D:4      | Reached XP level 7. HP: 36/36 MP: 14/14
  5049 | D:5      | Entered Level 5 of the Dungeon
  5125 | D:5      | Got a translucent golden ring
  5127 | D:5      | Identified the ring of Offol {rCorr Slay+3 Stlth+} (You found it on level 5 of the Dungeon)
  5129 | D:5      | Found a sand-covered staircase.
  5166 | Ossuary  | Entered an ossuary
  5355 | Ossuary  | HP: 1/36 [mummy (2)]
  5430 | Ossuary  | Reached skill level 6 in Earth Magic
  5500 | Ossuary  | HP: 1/36 [mummy (9)]
  6229 | D:5      | Reached XP level 8. HP: 41/41 MP: 17/17
  6389 | D:5      | Found a basalt altar of Yredelemnul.
  6551 | D:6      | Found an oddly glowing altar of Pakellas.
  6819 | D:6      | Reached skill level 1 in Evocations
  6846 | D:6      | Reached skill level 1 in Fighting
  6846 | D:6      | Reached skill level 1 in Maces & Flails
  6904 | D:6      | Found a staircase to the Ecumenical Temple.
  6912 | Temple   | Entered the Ecumenical Temple
  6979 | Temple   | Became a worshipper of Vehumet
  7201 | D:6      | Learned a level 5 spell: Lee's Rapid Deconstruction
  7283 | D:6      | Found a bloodstained altar of Trog.
  7284 | D:6      | Found an iron altar of Okawaru.
  7421 | D:6      | Reached skill level 1 in Armour
  7619 | D:7      | Reached skill level 7 in Earth Magic
  7668 | D:7      | Reached skill level 1 in Shields
  7926 | D:7      | Found Pawodo's Book Emporium.
  8087 | D:7      | Reached XP level 9. HP: 48/48 MP: 19/19
  8130 | D:7      | Reached * piety under Vehumet
  8130 | D:7      | Offered knowledge of Magic Dart by Vehumet.
  8721 | D:8      | Identified a -2 rod of ignition (13/13) (You found it on level 8 of the Dungeon)
  8802 | D:8      | Reached skill level 5 in Conjurations
 10004 | D:8      | Noticed a two-headed ogre
 10007 | D:8      | Killed a two-headed ogre
 10401 | D:8      | Reached ** piety under Vehumet
 10491 | D:8      | Reached XP level 10. HP: 54/56 MP: 21/21
 10857 | D:8      | Offered knowledge of Throw Frost by Vehumet.
 11190 | D:9      | Found a staircase to the Lair.
 11426 | D:9      | Reached skill level 8 in Spellcasting
 11726 | D:9      | Got a crude long sword
 11727 | D:9      | Identified the +1 long sword "Yqeogiol" {freeze, *Rage +Inv rPois rN+} (You found it on level 9 of the Dungeon)
 11991 | D:9      | Offered knowledge of Conjure Flame by Vehumet.
 11996 | D:9      | Learned a level 3 spell: Conjure Flame
 12132 | Lair:1   | Entered Level 1 of the Lair of Beasts
 12548 | Lair:1   | Noticed a black mamba
 12558 | Lair:1   | Killed a black mamba
 12558 | Lair:1   | Reached skill level 1 in Fire Magic
 12566 | Lair:1   | Got a transparent rapier
 12567 | Lair:1   | Identified the +5 rapier "Nalaschou" {drain, rPois} (You found it on level 1 of the Lair of Beasts)
 12782 | Lair:1   | HP: 1/58 [blink frog (7)]
 12791 | Lair:1   | Mangled by a blink frog

Vault maps used:
D:1:      erik_arrival_blinker_ship
D:3:      nemelex_deck, nicolae_ru_great_annihilating_truth, first_bread,
          minivault_11, grunt_ashenzari_visionary
D:4:      marbit_many_paths, amethyst_overflow_temple_binary
D:5:      lemuel_zombie_altar_yredelemnul, serial_glass, glass_columns_b,
          glass_columns_a, glass_columns_b, glass_columns_a, enter_ossuary_3
D:6:      grunt_temple_overflow_bloody_war, grunt_pakellas_salt,
          minmay_temple_entry_hall
D:7:      serial_shops, shop_fountains, grunt_livestock
D:8:      serial_bayou_pond_b
D:9:      lair_0_dummy, kennysheep_generic_room_8
Temple:   triangle_lava_temple_11
Lair:1:   portal_ice_cave_entry_imps
Ossuary:  ossuary_tomb_1

Action                   |  1- 3 |  4- 6 |  7- 9 | 10-12 || total
-------------------------+-------+-------+-------+-------++-------
Melee: Short sword       |       |   128 |   221 |    52 ||   401
       Spear             |       |       |       |    54 ||    54
Throw: Javelin           |       |     4 |    87 |       ||    91
       Stone             |       |       |     3 |       ||     3
       Tomahawk          |       |       |    19 |       ||    19
 Cast: Sandblast         |    48 |    44 |    64 |     1 ||   157
       Stone Arrow       |       |     4 |    47 |    45 ||    96
  Use: Scroll            |     2 |     7 |    11 |     6 ||    26
       Potion            |       |       |     3 |       ||     3
 Stab: Sleeping          |       |     3 |     3 |     2 ||     8
  Eat: Chunk             |     3 |     9 |    15 |     5 ||    32
       Royal jelly       |       |       |     2 |       ||     2
       Fruit             |       |       |     1 |       ||     1
       Pizza             |       |       |       |     1 ||     1
